Map: Catalyst LE

Players

CinDra

  • Race: Zerg Zerg
  • League: Gold
  • Spawn Location: 11:00

JuanRicoST - Winner!

  • Race: Terran Terran
  • League: Diamond
  • Spawn Location: 5:00

VOD

Have the link to the VOD?

Description

Time

  • Played on: March 14, 2018, 3:43 p.m.
  • Length: 11:29
Show
View Real Time Build Order
Export as new Build Order

CinDra Zerg 

Build Orders: Pool First 

Get SALT Encoding   

  12  0:00  Drone  
  13  0:13  Overlord  
  13  0:18  Drone  
  14  0:25  Overlord  
  14  0:31  Drone  
  15  0:38  Drone  
  16  0:45  Drone  
  17  0:54  Extractor  
  17  0:56  Drone  
  17  1:00  Spawning Pool  
  16  1:07  Drone  
  17  1:30  Drone  
  18  1:33  Drone  
  19  1:40  Drone  
  20  1:47  Hatchery  
  20  1:50  Queen  
  21  1:57  Zergling x2  
  21  2:00  Metabolic Boost  
  22  2:11  Roach Warren  
  22  2:13  Drone  
  22  2:31  Overlord  
  22  2:32  Overlord  
  22  2:52  Roach x2  
  22  2:55  Roach  
  28  3:00  Roach x3  
  28  3:02  Roach  
  36  3:11  Zergling x4  
  38  3:18  Zergling x2  
  39  3:20  Zergling x2  
  40  3:32  Overlord  
  40  3:33  Zergling x6  
  43  3:46  Zergling x6  
  43  3:58  Zergling x4  
  37  4:12  Zergling x8  
  36  4:19  Zergling x2  
  36  4:20  Zergling x2  
  32  4:25  Drone  
  33  4:34  Drone  
  33  4:35  Queen  
  33  4:37  Drone  
  37  4:41  Drone  
  38  4:47  Drone  
  39  5:00  Drone x2  
  39  5:01  Drone  
  39  5:03  Hatchery  
  41  5:16  Drone x4  
  45  5:28  Drone  
  45  5:31  Drone x2  
  45  5:35  Queen  
  50  5:37  Queen  
  52  5:43  Overlord  
  52  5:44  Drone  
  53  5:51  Roach x2  
  53  5:52  Zergling x2  
  58  6:00  Evolution Chamber  
  57  6:25  Drone x13  
  66  6:27  Overlord  
  66  6:31  Lair  
  70  6:35  Zerg Missile Weapons Level 1  
  70  6:37  Drone  
  70  6:42  Roach  
  70  6:43  Roach  
  74  6:48  Roach x2  
  74  6:49  Roach  
  74  6:51  Overlord  
  80  6:56  Roach  
  76  7:06  Roach x5  
  71  7:15  Roach  
  71  7:16  Roach x5  
  71  7:21  Queen  
  73  7:30  Roach  
  69  7:39  Roach x2  
  67  7:46  Overlord x6  
  67  8:03  Extractor  
  67  8:04  Queen  
  68  8:10  Extractor, Roach  
  68  8:11  Extractor, Roach x2  
  72  8:15  Drone x2  
  74  8:37  Roach x4  
  74  8:38  Roach  
  74  8:41  Zergling x10  
  89  8:52  Zerg Missile Weapons Level 2  
  89  9:19  Drone x9  
  98  9:24  Hatchery  
  98  9:27  Overseer x2  
  97  9:44  Roach x3  
  97  9:45  Overlord x2, Roach x2  
  107  10:00  Spore Crawler, Drone  
  107  10:03  Spore Crawler  
  107  10:05  Overseer  
  106  10:10  Roach x5  
  111  10:21  Roach x4  
  79  10:29  Roach x3  
  81  10:45  Roach  
  81  10:46  Roach x4  
  81  10:48  Roach  
  91  10:50  Roach  
  93  11:01  Roach x3  
  93  11:03  Overlord  
Show
View Real Time Build Order
Export as new Build Order

JuanRicoST Terran - Winner!

Build Orders: Cyclone Opening, MMM Bio 

Get SALT Encoding   

  12  0:00  SCV  
  13  0:13  SCV  
  14  0:22  Supply Depot  
  14  0:28  SCV  
  15  0:31  Refinery  
  15  0:44  SCV  
  15  0:47  Barracks  
  16  0:56  SCV  
  17  1:13  SCV  
  18  1:25  SCV  
  19  1:35  Factory  
  19  1:37  SCV  
  19  1:39  Marine  
  21  1:45  Refinery  
  21  1:49  SCV  
  21  1:52  Supply Depot  
  23  2:01  SCV  
  23  2:05  Barracks Reactor  
  23  2:13  SCV  
  24  2:39  Command Center  
  24  2:57  Cyclone x2  
  30  3:03  Orbital Command  
  30  3:04  Supply Depot  
  30  3:11  Supply Depot  
  30  3:13  Barracks Tech Lab  
  30  3:29  Cyclone  
  33  3:43  Marine  
  33  3:45  Cyclone  
  37  4:01  Marine  
  32  4:24  Orbital Command  
  32  4:27  Marine  
  32  4:28  Cyclone  
  36  4:37  Barracks  
  36  4:38  Barracks  
  36  4:45  Armory  
  36  4:50  SCV x2  
  38  5:02  Hellion x2  
  38  5:04  Marine  
  43  5:25  Supply Depot  
  43  5:29  Supply Depot  
  43  5:30  Hellion x2, Marine  
  43  5:32  Terran Vehicle Weapons Level 1  
  48  5:39  Engineering Bay  
  48  5:45  SCV x2  
  50  5:52  Supply Depot  
  50  5:57  SCV x2  
  50  6:03  Marine  
  53  6:06  Stimpack  
  53  6:08  Hellion x2  
  57  6:11  Missile Turret  
  57  6:15  Missile Turret  
  57  6:18  Supply Depot  
  57  6:21  Marine  
  57  6:23  Barracks Reactor x2  
  58  6:31  Hellion  
  55  7:12  Hellion  
  55  7:13  Hellion  
  51  7:34  Hellion x2  
  55  7:44  SCV x2  
  55  7:46  Marine x5  
  62  7:55  Hellion  
  62  7:56  SCV x2  
  64  8:02  Terran Vehicle Weapons Level 2  
  64  8:03  Marine  
  64  8:04  Marine x4  
  69  8:08  SCV  
  69  8:09  Factory x2  
  69  8:11  SCV  
  71  8:20  SCV  
  71  8:21  Marine x2  
  71  8:23  SCV  
  71  8:25  Command Center  
  75  8:32  SCV  
  76  8:55  Refinery, Factory Reactor  
  76  8:56  Refinery, Factory Reactor  
  76  8:59  Combat Shields  
  76  9:01  Marine x5  
  81  9:03  Terran Infantry Weapons Level 1  
  81  9:09  SCV  
  83  9:10  SCV  
  83  9:15  Cyclone x2  
  89  9:19  Marine x3  
  89  9:20  Supply Depot  
  89  9:21  SCV, Supply Depot  
  89  9:22  SCV  
  94  9:38  Orbital Command  
  94  9:48  Sensor Tower  
  94  9:51  Cyclone x2  
  94  9:52  Cyclone  
  103  9:57  Sensor Tower  
  103  9:59  SCV  
  105  10:00  SCV  
  105  10:03  Orbital Command  
  105  10:11  SCV  
  105  10:12  SCV  
  98  10:36  Cyclone x5  
Tags
 
Add a new tag
Caveats
  • Supply blocks, unpowered buildings, or Contaminate may cause inaccurate times.
  • Supply counts are checked every 10 seconds.